 Dungeon Crawl Stone Soup version 0.31.0-32-g396128a36d (webtiles) character file.

Game seed: 13535966986512619989

3233 booth the Cleaver (level 9, -10/74 HPs)
             Began as a Demonspawn Gladiator on Apr 18, 2024.
             Was a Priest of Okawaru.
             Mangled by a komodo dragon (24 damage)
             ... on level 7 of the Dungeon on Apr 19, 2024.
             The game lasted 00:33:08 (6868 turns).

booth the Cleaver (Demonspawn Gladiator)            Turns: 6868, Time: 00:33:09

Health: -10/74     AC: 12    Str: 17    XL:     9   Next: 66%
Magic:  7/9        EV: 14    Int: 11    God:    Okawaru [***...]
Gold:   274        SH:  4    Dex: 14    Spells: 8/8 levels left

rFire   + . .        a - +0 war axe
rCold   . . .        (no shield)
rNeg    . . .        l - +0 ring mail
rPois   +            c - +0 helmet
rElec   .            A - +0 cloak
rCorr   .            (no gloves)
SInv    .            C - +0 pair of boots
Will    .....        (no amulet)
Stlth   ++           y - ring of protection from fire
HPRegen 0.32/turn    k - ring of poison resistance
MPRegen 0.11/turn

%: no passive effects
@: heroic
A: thin metallic scales 2, powered by death 1, condensation shield, demonic
touch 1
a: Renounce Religion, Heroism


You were on level 7 of the Dungeon.
You worshipped Okawaru.
Okawaru was most pleased with you.
You visited 1 branch of the dungeon, and saw 7 of its levels.

You collected 274 gold pieces.

Inventory:

Hand Weapons
 a - a +0 war axe (weapon)
 b - a +0 mace
Missiles
 d - 3 throwing nets
 e - a boomerang (quivered)
 v - 5 poisoned darts
 F - 3 javelins
Armour
 c - a +0 helmet (worn)
 l - a +0 ring mail (worn)
 A - a +0 cloak (worn)
 C - a +0 pair of boots (worn)
Jewellery
 h - a +4 ring of protection
 k - a ring of poison resistance (right hand)
 n - a ring of willpower
 o - a +4 ring of protection
 p - a ring of willpower
 y - a ring of protection from fire (left hand)
Wands
 B - a wand of polymorph (2)
Scrolls
 f - a scroll of blinking
 j - a scroll of fog
 s - a scroll of amnesia {unknown}
 t - 2 scrolls of teleportation
 u - a scroll of revelation
 x - a scroll of brand weapon {unknown}
 G - a scroll of poison
 H - a scroll of enchant weapon {unknown}
 I - a scroll of torment {unknown}
Potions
 g - 2 potions of haste
 i - 2 potions of resistance
 m - 2 potions of might
 q - a potion of enlightenment
 r - a potion of brilliance
 w - a potion of attraction {unknown}
 z - a potion of mutation {unknown}
 D - a potion of lignification {unknown}
 E - a potion of curing
 J - a potion of cancellation {unknown}


   Skills:
 + Level 8.0(13.0) Fighting
 * Level 10.4(15.4) Axes
 - Level 3.2(8.2) Throwing
 - Level 2.6(7.6) Dodging


You had 8 spell levels left.
You didn't know any spells.
Your spell library contained the following spells:

 Spells                   Type           Power      Damage    Failure   Level
 Necrotise                Necr           0%         1d4       52%         1
 Ensorcelled Hibernation  Hex/Ice        0%         N/A       67%         2
 Lesser Beckoning         Tloc           0%         N/A       67%         2
 Fugue of the Fallen      Necr           0%         N/A       88%         3
 Gell's Gravitas          Tloc           0%         N/A       88%         3
 Teleport Other           Tloc           0%         N/A       88%         3
 Vampiric Draining        Necr           0%         2d6       88%         3
 Anguish                  Hex/Necr       0%         N/A       99%         4
 Curse of Agony           Necr           0%         N/A       100%        5
 Martyr's Knell           Necr/Summ      Unusable   N/A       N/A         4

Dungeon Overview and Level Annotations

Branches:
Dungeon (7/15)             Temple (0/1) D:5

Altars:
Kikubaaqudgha
Okawaru
Trog
Uskayaw
Vehumet


Innate Abilities, Weirdness & Mutations

You are mostly covered in thin metallic scales. (AC +3)
You regenerate a little health from kills.
A meltable shield of frost defends you. (SH +4)
Your touch may inflict minor irresistible damage on your foes.


Message History

You punch the komodo dragon, but do no damage.
The komodo dragon is heavily wounded.
You hit the iguana. The komodo dragon bites you. The iguana barely misses you.
You closely miss the komodo dragon.
The komodo dragon is heavily wounded.
You slash the iguana!
You kill the iguana!
Okawaru accepts your kill.
You hit the komodo dragon.
The komodo dragon is heavily wounded.
The komodo dragon closely misses you.
You closely miss the komodo dragon.
You touch the komodo dragon!
The komodo dragon is severely wounded.
You closely miss the iguana.
The komodo dragon bites you but does no damage.
The iguana misses you.
You closely miss the komodo dragon.
The komodo dragon is severely wounded.
You hit the iguana. The komodo dragon bites you!!
* * * LOW HITPOINT WARNING * * *
You block the iguana's attack.
You hear an angry hiss.
You feel better. The komodo dragon bites you.
* * * LOW HITPOINT WARNING * * *
The iguana closely misses you.
You hit the komodo dragon but do no damage.
Your touch misses the komodo dragon.
The komodo dragon is severely wounded.
You hit the iguana. You closely miss the komodo dragon.
The komodo dragon is severely wounded.
You hit the iguana. The komodo dragon closely misses you.
The iguana barely misses you.
You hit the komodo dragon but do no damage.
The komodo dragon is severely wounded.
You slash the iguana!
You kill the iguana!
Okawaru accepts your kill. The komodo dragon bites you!!
You die...

##... ... #.... .... ..l†
..... l..## ####### .....
...##......# #### .....##
ll#........ #...
.......###†......... #...
.........@ll......... #...
[#.......##.....[....####.
##..................##...
#####..............##..#
######........###.)#
##............))
#..........#..##
#............##
#....>.......


You could see a komodo dragon and 2 frilled lizards.

Vanquished Creatures
  A vampire (D:6)
  6 yaks
  Menkaure (D:7)
  A water moccasin (D:7)
  A sky beast (D:7)
  An ice beast (D:5)
  3 ogres
  2 centaurs (D:6)
  2 phantoms
  Blork the orc (D:5)
  3 bullfrogs
  A gnoll sergeant (D:7)
  3 wights (D:6)
  4 killer bees (D:7)
  A bombardier beetle (D:7)
  A hound (D:6)
  A sleepcap (D:4)
  A jelly (D:5)
  Crazy Yiuf (D:5)
  5 iguanas
  4 orc wizards
  6 gnolls
  8 adders
  2 shadow imps (D:7)
  2 white imps (D:5)
  3 ribbon worms
  A dart slug (D:1)
  21 orcs
  5 endoplasms
  2 giant cockroaches (D:1)
  8 goblins
  10 hobgoblins
  A quokka (D:3)
  6 ball pythons
  6 bats
  4 frilled lizards
  7 kobolds
  4 rats
140 creatures vanquished.

Notes
Turn   | Place    | Note
-------+----------+-------------------------------------------
     0 | D:1      | booth the Demonspawn Gladiator began the quest for the Orb.
     0 | D:1      | Reached XP level 1. HP: 16/16 MP: 1/1
   345 | D:1      | Reached skill level 3 in Axes
   345 | D:1      | Gained mutation: You are partially covered in thin metallic
                  | scales. (AC +2) [demonic ancestry]
   345 | D:1      | Reached XP level 2. HP: 22/22 MP: 2/2
  1519 | D:2      | Reached XP level 3. HP: 28/28 MP: 3/3
  2300 | D:3      | Found a faded altar of an unknown god.
  2318 | D:3      | Prayed at the altar of an unknown god.
  2318 | D:3      | Became a worshipper of Warmaster Okawaru
  2318 | D:3      | Reached * piety under Okawaru
  2736 | D:3      | Gained mutation: A meltable shield of frost defends you.
                  | (SH +4) [demonic ancestry]
  2736 | D:3      | Reached XP level 4. HP: 34/34 MP: 4/4
  2903 | D:3      | You fall into a shaft and drop 1 floor!
  3020 | D:4      | Noticed a phantom
  3058 | D:4      | Killed a phantom
  3059 | D:4      | Reached skill level 4 in Axes
  3059 | D:4      | Gained mutation: You regenerate a little health from kills.
                  | [demonic ancestry]
  3059 | D:4      | Reached XP level 5. HP: 34/41 MP: 5/5
  3540 | D:4      | Found a bloodstained altar of Trog.
  3540 | D:4      | Found a hide-covered altar of Uskayaw.
  3696 | D:4      | Reached ** piety under Okawaru
  3697 | D:4      | Gained mutation: You are mostly covered in thin metallic
                  | scales. (AC +3) [demonic ancestry]
  3697 | D:4      | Reached XP level 6. HP: 42/47 MP: 6/6
  3958 | D:5      | Entered Level 5 of the Dungeon
  3958 | D:5      | Noticed a yak
  3963 | D:5      | Noticed a yak
  3964 | D:5      | Noticed a yak
  3966 | D:5      | Noticed a yak
  3979 | D:4      | Killed a yak
  3980 | D:4      | Reached skill level 5 in Axes
  4079 | D:5      | Killed a yak
  4080 | D:5      | Gained mutation: Your touch may inflict minor irresistible
                  | damage on your foes. [demonic ancestry]
  4080 | D:5      | Reached XP level 7. HP: 23/55 MP: 4/7
  4189 | D:5      | Noticed Blork the orc
  4203 | D:5      | Killed Blork the orc
  4204 | D:5      | Reached skill level 6 in Axes
  4394 | D:5      | Found a staircase to the Ecumenical Temple.
  4430 | D:5      | Reached skill level 5 in Fighting
  4450 | D:5      | Found a runed translucent door.
  4451 | D:5      | Noticed Crazy Yiuf
  4519 | D:5      | Noticed a yak
  4519 | D:5      | Noticed a yak
  4539 | D:5      | Killed a yak
  4540 | D:5      | Reached skill level 7 in Axes
  4552 | D:5      | Killed a yak
  4553 | D:5      | Reached XP level 8. HP: 13/63 MP: 5/8
  4567 | D:5      | Reached *** piety under Okawaru
  4568 | D:5      | Reached skill level 8 in Axes
  4804 | D:5      | Found a radiant altar of Vehumet.
  5038 | D:5      | Found an ancient bone altar of Kikubaaqudgha.
  5094 | D:5      | Killed Crazy Yiuf
  5615 | D:6      | Reached skill level 9 in Axes
  5615 | D:6      | Reached XP level 9. HP: 70/71 MP: 7/9
  6299 | D:7      | Noticed Menkaure
  6319 | D:7      | Killed Menkaure
  6499 | D:7      | Reached skill level 10 in Axes
  6850 | D:7      | Noticed a komodo dragon
  6868 | D:7      | Mangled by a komodo dragon

Illustrated notes

Levels and vault maps discovered:
D:1:      dpeg_arrival_circle_labyrinth_c, layout_basic
D:2:      layout_basic, nrook_mini_vaults
D:3:      layout_loops_corners, shapermc_ecumenical_altar_ellora
D:4:      cheibrodos_greedy_goblins, layout_cave_pools,
          gammafunk_temple_overflow_wave
D:5:      layout_rooms, lemuel_tele_altar, old_standard_altar, temple_fountains,
          hangedman_abyss_or_decor_lesser_grid, uniq_crazy_yiuf_cottage,
          uniq_blork_the_orc
D:6:      layout_loops_ring, corexii_item_surrounded_by_moat,
          small_statue_intersection, kennysheep_flooded_box,
          nicolae_kite_square_tiling_tiny, kb_lookout_dungeons_type
D:7:      layout_rooms, minmay_lizard_king, uniq_menkaure

Skill      XL: |  1  2  3  4  5  6  7  8  9 |
---------------+----------------------------+-----
Axes           | 3 4 5 7 9 10 | 10.4
Throwing       | 2 3 |  3.2
Fighting       | 3 4 5 6 8 |  8.0
Dodging        | |  2.6

Action                     |  1- 3 |  4- 6 |  7- 9 || total
---------------------------+-------+-------+-------++-------
  Melee: War axe           |   104 |   136 |   245 ||   485
         Punch             |     1 |     1 |     4 ||     6
         Touch             |       |       |    36 ||    36
  Throw: Dart              |     3 |     3 |     4 ||    10
         Boomerang         |       |     5 |    21 ||    26
         Javelin           |       |     1 |     6 ||     7
 Invoke: Heroism           |       |     1 |    13 ||    14
    Use: Scroll            |     4 |     5 |     3 ||    12
         Potion            |     1 |     3 |     4 ||     8
   Stab: Sleeping          |     1 |       |       ||     1
 Armour: Ring mail         |    79 |    87 |   127 ||   293
         Leather armour    |     3 |       |       ||     3
  Dodge: Dodged            |    62 |    66 |   126 ||   254
  Block: Other             |       |    28 |    37 ||    65
